 Dungeon Crawl Stone Soup version 0.18-a0-1702-gd20c6a5 (webtiles) character file.

441 Oddball22 the Covert (level 6, -3/30 HPs)
             Began as a Spriggan Assassin on Apr 6, 2016.
             Was an Initiate of Dithmenos.
             Killed by divine providence
             ... invoked by an orc priest
              (10 damage)
             ... on level 5 of the Dungeon.
             The game lasted 00:13:40 (4213 turns).

Oddball22 the Covert (Spriggan Assassin)            Turns: 4213, Time: 00:13:40

Health: -3/30      AC:  4    Str:  5    XL:     6   Next: 70%
Magic:  7/7        EV: 22    Int: 12    God:    Dithmenos [......]
Gold:   237        SH:  0    Dex: 23    Spells: 0 memorised, 5 levels left

rFire  . . .     SeeInvis +     t - +6 hand axe of Paper {chop, rN++ MR+++ Str-2 Dex+3}
rCold  . . .     Gourm    .     c - +0 robe
rNeg   + + .     Faith    .     (shield restricted)
rPois  .         Spirit   .     (helmet restricted)
rElec  .         Dismiss  .     d - +1 cloak
rCorr  .         Reflect  .     (gloves unavailable)
SustAt .         Harm     .     (boots unavailable)
MR     +++++                    (no amulet)
Stlth  +++++.....               (no ring)
                                k - ring of protection from magic

@: very quick, almost entirely resistant to hostile enchantments, quite stealthy
A: unfitting armour, see invisible, herbivore 3, speed 3, slow metabolism 2
a: Renounce Religion


You were on level 5 of the Dungeon.
You worshipped Dithmenos.
Dithmenos was noncommittal.
You were very hungry.

You visited 1 branch of the dungeon, and saw 5 of its levels.

You collected 237 gold pieces.

Inventory:

Hand Weapons
 a - a +3 dagger
 b - a +0 blowgun
 e - a +2 antimagic dagger
 t - the +6 hand axe of Paper (weapon) {chop, rN++ MR+++ Str-2 Dex+3}
   (You found it on level 4 of the Dungeon)

   It inflicts extra damage upon your enemies.
   It affects your strength (-2).
   It affects your dexterity (+3).
   It greatly protects you from negative energy.
   It affects your resistance to hostile enchantments.
Missiles
 q - 2 curare-tipped needles
 B - 2 poisoned needles
Armour
 c - a +0 robe (worn)
 d - a +1 cloak (worn)
Jewellery
 k - a ring of protection from magic (left hand)
Wands
 w - a wand of confusion (14/48)
Scrolls
 h - a scroll of magic mapping {unknown}
 j - 2 scrolls of enchant weapon
 p - a scroll of teleportation
 s - 3 scrolls of enchant armour
 v - 3 scrolls of remove curse
 y - a scroll of fog {unknown}
 z - a scroll of amnesia {unknown}
 A - a scroll of fear {unknown}
 C - a scroll of identify
Potions
 i - a potion of agility
 l - a potion of lignification
 m - 2 potions of curing
 n - 2 potions of haste
 r - a potion of brilliance
 u - a potion of might
 x - a potion of mutation {unknown}
Comestibles
 f - 4 fruits
 g - 4 bread rations


   Skills:
 - Level 1.5 Fighting
 + Level 4.2 Short Blades
 - Level 2.0 Throwing
 + Level 5.0 Dodging
 * Level 9.8 Stealth


You had 5 spell levels left.
You didn't know any spells.

Dungeon Overview and Level Annotations

Branches:
Dungeon (5/15)
 Temple: D:4-7

Altars:
Dithmenos
Elyvilon
Fedhas
Nemelex Xobeh
Okawaru
Pakellas
Ru
Trog
Vehumet
The Shining One

Annotations:
D:1 1 runed door
D:4 Oddball22's ghost, novice VSAs


Innate Abilities, Weirdness & Mutations

You are tiny and cannot use many weapons and most armour.
You have supernaturally acute eyesight.
You are a herbivore.
You cover ground extremely quickly.
You need consume almost no food.


Message History

You closely miss the orc.
The orc priest shouts!
The orc closely misses you.
The orc shouts!
You closely miss the orc priest. You barely miss the orc.
The orc hits you but does no damage.
The orc priest invokes the aid of Beogh against you.
Beogh smites you!
* * * LOW HITPOINT WARNING * * *
You closely miss the orc.
The centaur shouts!
You hit the orc priest.
The orc priest is lightly wounded.
The centaur shoots an arrow of frost.
The arrow of frost hits you.
* * * LOW HITPOINT WARNING * * *
The arrow of frost freezes you.
* * * LOW HITPOINT WARNING * * *
The orc priest invokes the aid of Beogh against you.
Beogh smites you!
You die...

...#...$.....≈.≈.≈.≈.≈.≈.≈.≈#
##.#####....#.............$.#
##.#.%.#.....≈.≈.≈.≈.≈.≈.≈.≈#
.#...........?..............#
.............≈.≈.≈.≈.≈.≈.≈.≈#
............................#
.............≈o≈.≈.≈.≈.≈.≈.≈#
.<..............o...........#
........ . #≈.o@≈.≈.≈c≈.≈.≈#
........ .. #...............#
......._ ...#≈.≈.≈.≈.≈.≈.≈.≈#
........ ...................#
..... ..#...≈.≈.≈.≈.≈.≈.## .
##..............#
################


You could see a centaur, an orc priest and 2 orcs.

Vanquished Creatures
  A scorpion (D:3)
  A hound (D:3)
  3 orc wizards
  Terence (D:3)
  4 worker ants
  A worker ant zombie (D:5)
  5 adders
  2 shadow imps
  4 worms
  A dart slug (D:1)
  12 orcs
  7 bats
  4 giant cockroaches
  7 goblins
  6 hobgoblins
  3 quokkas
  7 giant newts
  A jackal skeleton (D:5)
  3 kobolds
  4 rats
77 creatures vanquished.

Notes
Turn   | Place    | Note
--------------------------------------------------------------
     0 | D:1      | Oddball22 the Spriggan Assassin began the quest for the Orb.
     0 | D:1      | Reached XP level 1. HP: 10/10 MP: 2/2
     1 | D:1      | Found a runed door.
    86 | D:1      | Reached skill level 6 in Stealth
   139 | D:1      | Reached XP level 2. HP: 14/14 MP: 3/3
   799 | D:2      | Reached XP level 3. HP: 3/18 MP: 4/4
  1245 | D:2      | Found an oddly glowing altar of Pakellas.
  1277 | D:2      | Found a sacrificial altar of Ru.
  1278 | D:2      | Found a sparkling altar of Nemelex Xobeh.
  1375 | D:2      | Found a glowing golden altar of the Shining One.
  1767 | D:3      | Reached skill level 7 in Stealth
  1784 | D:3      | Found a blossoming altar of Fedhas.
  2160 | D:3      | Reached XP level 4. HP: 21/22 MP: 5/5
  2215 | D:3      | Noticed Terence
  2220 | D:3      | Found a white marble altar of Elyvilon.
  2540 | D:3      | Killed Terence
  2540 | D:3      | Reached skill level 8 in Stealth
  2572 | D:3      | Reached XP level 5. HP: 14/25 MP: 4/6
  2880 | D:4      | Noticed Oddball22's ghost (novice VSAs)
  3028 | D:4      | Reached skill level 9 in Stealth
  3028 | D:4      | Reached XP level 6. HP: 30/30 MP: 7/7
  3122 | D:4      | Found an iron altar of Okawaru.
  3651 | D:4      | Got a twisted hand axe
  3701 | D:5      | Entered Level 5 of the Dungeon
  3764 | D:5      | Found a radiant altar of Vehumet.
  3852 | D:5      | Reached skill level 5 in Dodging
  3991 | D:5      | Identified the +6 hand axe of Paper {chop, rN++ MR+++ Str-2 Dex+3} (You found it on level 4 of the Dungeon)
  4029 | D:5      | Found a shadowy altar of Dithmenos.
  4032 | D:5      | Became a worshipper of Dithmenos the Shadowed
  4071 | D:5      | Found a bloodstained altar of Trog.
  4213 | D:5      | Killed from afar by an orc priest

Vault maps used:
D:1:      dpeg_arrival_caged_fury, supply_closet_lemuel
D:2:      lemuel_doored_altar, lemuel_crystal_altar,
          gammafunk_temple_overflow_pools
D:3:      nicolae_overflow_hidden_temple, elyvilon_altar_1, uniq_terence
D:4:      led_sif_book, kennysheep_okawaru_gauntlet, temple_statues,
          first_bread, minmay_distorted
D:5:      nicolae_overflow_crystal_walls, kennysheep_mini_moat, basic_altar,
          hangedman_decor_lopped, kennysheep_crisscross

Skill      XL: |  1  2  3  4  5  6 |
---------------+-------------------+-----
Stealth        | 6 7 8 9 |  9.8
Dodging        | 2 3 4 5 |  5.0
Short Blades   | 3 4 |  4.2
Fighting       | |  1.5
Throwing       | |  2.0

Action                   |  1- 3 |  4- 6 || total
-------------------------+-------+-------++-------
Melee: Dagger            |   123 |   184 ||   307
       Hand axe          |       |    11 ||    11
 Fire: Blowgun           |    35 |    41 ||    76
Evoke: Wand              |       |     1 ||     1
  Use: Scroll            |    10 |     2 ||    12
       Potion            |     1 |       ||     1
 Stab: Sleeping          |    10 |     6 ||    16
       Confused          |       |     1 ||     1
